 Dungeon Crawl Stone Soup version 0.21.1-1-g345015f (webtiles) character file.

25 diana the Slasher (level 2, -8/26 HPs)
             Began as a Demigod Gladiator on June 11, 2018.
             Mangled by Sigmund
             ... wielding a +0 scythe
              (9 damage)
             ... on level 2 of the Dungeon.
             The game lasted 00:01:19 (1168 turns).

diana the Slasher (Demigod Gladiator)               Turns: 1168, Time: 00:01:19

Health: -8/26      AC:  5    Str: 17    XL:     2   Next: 66%
Magic:  4/4        EV: 13    Int: 17    God:
Gold:   97         SH:  0    Dex: 17    Spells: 1/1 levels left

rFire    . . .     SeeInvis .   a - +0 long sword
rCold    . . .     Gourm    .   (no shield)
rNeg     . . .     Faith    .   b - +0 leather armour
rPois    .         Spirit   .   (helmet restricted)
rElec    .         Reflect  .   (no cloak)
rCorr    .         Harm     .   (no gloves)
MR       .....                  (no boots)
Stlth    +.........             (no amulet)
HPRegen  0.08/turn              g - ring of flight
MPRegen  0.09/turn              (no ring)

@: brilliant
A: antennae 1, slimy green scales 1, high mp 1, robust 1, evolution 1
a: Evoke Flight


You were on level 2 of the Dungeon.
You were hungry.

You visited 1 branch of the dungeon, and saw 2 of its levels.

You collected 97 gold pieces.

Inventory:

Hand Weapons
 a - a +0 long sword (weapon)
Missiles
 d - a throwing net (quivered)
Armour
 b - a +0 leather armour (worn)
 c - a +0 helmet
Jewellery
 g - a ring of flight (left hand)
Scrolls
 i - a scroll of immolation {unknown}
 j - a scroll of remove curse {unknown}
Potions
 h - a potion of brilliance
Comestibles
 f - 2 rations


   Skills:
 + Level 2.1 Fighting
 * Level 3.3 Long Blades
 - Level 1.7 Throwing
 + Level 3.0 Dodging


You had one spell level left.
You didn't know any spells.

Dungeon Overview and Level Annotations

Branches:
Dungeon (2/15)

Annotations:
D:2 Sigmund


Innate Abilities, Weirdness & Mutations

You have an increased reservoir of magic. (+10% MP)
You have a pair of small antennae on your head.
You are partially covered in slimy green scales. (AC +2)
You are robust. (+10% HP)
You evolve.


Message History

Sigmund flickers and vanishes!
Deactivating autopickup; reactivate with Ctrl-A.
You closely miss something. Something hits you.
You miss something.
You hear some strange, mumbled words.
A puff of flame appears from out of thin air!
The puff of flame hits you!
You miss something.
You hear some strange, mumbled words.
A puff of flame appears from out of thin air!
The puff of flame misses you.
You closely miss something. Something hits you.
* * * LOW HITPOINT WARNING * * *
You closely miss something.
You hear some strange, mumbled words.
A magic dart appears from out of thin air!
The magic dart hits you!
* * * LOW HITPOINT WARNING * * *
You hit something. Something hits you!
You die...

#.... #....
#.... #....
#.... #######
#....##.....#
#....{.....[#
#...)@#.#
###.#.#.# #
#.#.###.#
###+#.......#
.......#.###.#.#
...............#
.......#.###...#
>.........# .#
.......#..# ###


There were no monsters in sight!

Vanquished Creatures
  A leopard gecko (D:1)
  A ball python (D:1)
  2 giant cockroaches (D:2)
  5 goblins
  2 hobgoblins
  5 bats
  3 kobolds (D:1)
  4 rats (D:1)
23 creatures vanquished.

Notes
Turn   | Place    | Note
-------+----------+-------------------------------------------
     0 | D:1      | diana the Demigod Gladiator began the quest for the Orb.
     0 | D:1      | Reached XP level 1. HP: 17/17 MP: 3/3
   542 | D:1      | Reached XP level 2. HP: 14/24 MP: 4/4
  1144 | D:2      | Noticed Sigmund
  1149 | D:2      | Gained mutation: You are partially covered in slimy green scales. (AC +2) [potion of mutation]
  1149 | D:2      | Gained mutation: You evolve. [potion of mutation]
  1149 | D:2      | Gained mutation: You are robust. (+10% HP) [potion of mutation]
  1149 | D:2      | Gained mutation: You have a pair of small antennae on your head. [potion of mutation]
  1167 | D:2      | HP: 1/26 [something/magic dart (3)]
  1168 | D:2      | Mangled by Sigmund

Skill      XL: |  1  2 |
---------------+-------+-----
Fighting       | 2 |  2.1
Long Blades    | 3 |  3.3
Dodging        | 3 |  3.0
Throwing       | |  1.7

Action                   || total
-------------------------++-------
Melee: Long sword        ||    73
Throw: Throwing net      ||     2
  Use: Potion            ||     2
 Stab: Sleeping          ||     1
Armor: Leather armour    ||    21
Dodge: Dodged            ||    61
       Rpst.: Long sword ||    18
